[Event "V Open Semana Santa Alicante 2021"]
[Site "Alicante"]
[Date "2021.04.03"]
[Round "7.8"]
[White "Camacho Collados, Marcos"]
[Black "Del Amo Carbo, Jordi"]
[Result "1/2-1/2"]
[ECO "A46"]
[WhiteElo "2400"]
[BlackElo "2122"]
[Annotator "ChessBase"]
[PlyCount "110"]
[EventDate "2021.03.31"]
[EventType "swiss"]
[EventCountry "ESP"]
[SourceTitle "playchess.com"]
[Source "ChessBase"]
[SourceQuality "1"]
[TimeControl "5400+30"]

1. d4 Nf6 2. Nf3 e6 3. e3 b6 4. Nbd2 Bb7 5. Bd3 d5 6. O-O Be7 7. Ne5 O-O 8. Qf3 Nbd7 9. c3 c5 10. Qh3 g6 11. Ndf3 Nxe5 12. Nxe5 Ne4 13. f3 Nd6 14. Bd2 f5 15. Be1 Nf7 16. Bg3 Bd6 17. Nxf7 Rxf7 18. Rad1 a5 19. Rfe1 Qc7 20. Bh4 Ba6 21. Bb1 Re8 22. e4 cxd4 23. exf5 gxf5 24. cxd4 Bf4 25. Bf2 Qd6 26. Qh4 Rc8 27. Qh5 Rg7 28. Kh1 Rg6 29. Qh3 Rh6 30. Bh4 Rc7 31. g3 Bg5 32. Re5 Bf6 33. Ree1 Kf7 34. Qg2 Bxh4 35. gxh4 Qf4 36. h5 Rxh5 37. Rg1 Kf6 38. Rde1 Rh6 39. Qf2 Rg6 40. Rxg6+ hxg6 41. Kg2 Rh7 42. Qg3 Qd2+ 43. Kg1 Qxd4+ 44. Kh1 e5 45. Rg1 Qh4 46. Qxg6+ Ke7 47. Rg2 Qe1+ 48. Rg1 Qh4 49. Qg5+ Qxg5 50. Rxg5 Bc8 51. Bxf5 Kf6 52. Bxh7 Kxg5 53. Kg2 Kf4 54. Kf2 Bb7 55. Bd3 Bc6 1/2-1/2

[Event "V Open Semana Santa Alicante 2021"]
[Site "Alicante"]
[Date "2021.04.03"]
[Round "7.9"]
[White "Vilanova Corbi, Jorge"]
[Black "Garrido Outon, Alex"]
[Result "0-1"]
[ECO "D37"]
[WhiteElo "2200"]
[BlackElo "2362"]
[Annotator "ChessBase"]
[PlyCount "102"]
[EventDate "2021.03.31"]
[EventType "swiss"]
[EventCountry "ESP"]
[SourceTitle "playchess.com"]
[Source "ChessBase"]
[SourceQuality "1"]
[TimeControl "5400+30"]

1. Nf3 d5 2. d4 Nf6 3. c4 e6 4. Nc3 a6 5. cxd5 exd5 6. Bg5 Be6 7. Bxf6 Qxf6 8. Qb3 Ra7 9. g3 Bd6 10. Bg2 Qd8 11. O-O c6 12. Qc2 Nd7 13. e4 dxe4 14. Qxe4 O-O 15. d5 cxd5 16. Nxd5 Re8 17. Rfe1 Ra8 18. Nd4 Qa5 19. Nxe6 Rxe6 20. b4 Qa4 21. Qc4 Ne5 22. Nb6 Qe8 23. Qc3 Rd8 24. h3 h5 25. a3 h4 26. f4 Nd3 27. Rxe6 Qxe6 28. Nc4 Bb8 29. Rd1 Qe2 30. Qd2 Qe6 31. Ne5 Bxe5 32. fxe5 Qb6+ 33. Kf1 Qd4 34. Qe2 hxg3 35. Be4 g2+ 36. Bxg2 f5 37. exf6 Qxf6+ 38. Bf3 Qf5 39. Qe4 Qxh3+ 40. Bg2 Qg3 41. Qe6+ Kh8 42. Qh3+ Qxh3 43. Bxh3 Rf8+ 44. Ke2 Nf4+ 45. Ke3 Nxh3 46. Rh1 g5 47. Rxh3+ Kg7 48. Kd4 Kg6 49. Ke5 g4 50. Rg3 Kg5 51. Kd6 Rf3 0-1

[Event "V Open Semana Santa Alicante 2021"]
[Site "Alicante"]
[Date "2021.04.03"]
[Round "7.10"]
[White "Aranda Marin, Cristian"]
[Black "Robledo Sanchez, Carlos"]
[Result "1-0"]
[ECO "A45"]
[WhiteElo "2361"]
[BlackElo "1959"]
[Annotator "ChessBase"]
[PlyCount "55"]
[EventDate "2021.03.31"]
[EventType "swiss"]
[EventCountry "ESP"]
[SourceTitle "playchess.com"]
[Source "ChessBase"]
[SourceQuality "1"]
[TimeControl "5400+30"]

1. d4 Nf6 2. Bf4 d5 3. c3 e6 4. e3 Bd6 5. Bg3 O-O 6. Nd2 b6 7. Ngf3 Bb7 8. Qc2 c5 9. Bd3 Nc6 10. Rd1 h6 11. Bb5 Rc8 12. Qb1 Bxg3 13. hxg3 Qd6 14. O-O Nd7 15. Rfe1 f5 16. c4 a6 17. Ba4 dxc4 18. Nxc4 Qe7 19. dxc5 bxc5 20. Qd3 Rcd8 21. Qd6 Nde5 22. Qxe7 Nxf3+ 23. gxf3 Nxe7 24. Ne5 Rd5 25. f4 Rfd8 26. Rc1 R8d6 27. Bb3 Rd2 28. Nc4 1-0

[Event "V Open Semana Santa Alicante 2021"]
[Site "Alicante"]
[Date "2021.04.04"]
[Round "8.1"]
[White "Serarols Mabras, Bernat"]
[Black "Cuenca Jimenez, Jose Fernando"]
[Result "1/2-1/2"]
[ECO "E43"]
[WhiteElo "2358"]
[BlackElo "2506"]
[Annotator "ChessBase"]
[PlyCount "140"]
[EventDate "2021.03.31"]
[EventType "swiss"]
[EventCountry "ESP"]
[SourceTitle "playchess.com"]
[Source "ChessBase"]
[SourceQuality "1"]
[TimeControl "5400+30"]

1. d4 Nf6 2. c4 e6 3. Nc3 Bb4 4. e3 b6 5. Bd2 Bb7 6. Nf3 O-O 7. Bd3 d5 8. cxd5 exd5 9. Rc1 a6 10. Ne5 Bd6 11. O-O c5 12. f4 Nc6 13. Ng4 Be7 14. dxc5 bxc5 15. b3 Nb4 16. Bb1 c4 17. Nxf6+ Bxf6 18. bxc4 dxc4 19. Ne4 Be7 20. Rxc4 a5 21. Bc3 Nd5 22. Bd4 Ba6 23. Qg4 g6 24. Bd3 f5 25. Qf3 fxe4 26. Qxe4 Qd7 27. Rd1 Nf6 28. Bxf6 Bxf6 29. Rc6 Bxd3 30. Rxd3 Qf7 31. Rdd6 Rae8 32. Qd3 Qxa2 33. h3 Bg7 34. Rd7 Rf7 35. Rxf7 Qxf7 36. Ra6 Qe7 37. Kf2 Qc5 38. Kf3 Kh8 39. e4 Qc3 40. Qxc3 Bxc3 41. h4 Re7 42. e5 Kg7 43. Ke4 h5 44. Kf3 Rd7 45. Rc6 Be1 46. g4 Bxh4 47. gxh5 gxh5 48. Ra6 Bd8 49. f5 Rd4 50. Ra7+ Kf8 51. Ke3 Rd1 52. Ke4 h4 53. f6 h3 54. Rh7 h2 55. Rxh2 Kf7 56. Rb2 Ke6 57. Rb8 Rd5 58. Kf4 Rd4+ 59. Ke3 Rd1 60. Ke4 Re1+ 61. Kf4 Bc7 62. Re8+ Kd5 63. Kg4 Rf1 64. e6 Rxf6 65. e7 Rf4+ 66. Kg5 Ke6 67. Rc8 Rf5+ 68. Kg4 Rf4+ 69. Kg5 Kxe7 70. Rxc7+ Kd6 1/2-1/2

[Event "V Open Semana Santa Alicante 2021"]
[Site "Alicante"]
[Date "2021.04.04"]
[Round "8.9"]
[White "Motos Abellan, Daniel"]
[Black "Campos Gambuti, Luis Maria"]
[Result "0-1"]
[ECO "B20"]
[WhiteElo "2166"]
[BlackElo "2370"]
[Annotator "NA RC"]
[PlyCount "164"]
[EventDate "2021.03.31"]
[EventType "swiss"]
[EventCountry "ESP"]
[SourceTitle "playchess.com"]
[Source "ChessBase"]
[SourceQuality "1"]
[TimeControl "5400+30"]

1. e4 c5 2. c4 Nc6 3. Nc3 g6 4. g3 Bg7 5. Bg2 a6 6. Nge2 d6 7. O-O Bg4 8. f3 Bd7 9. d3 Rb8 10. Be3 Nd4 11. a4 e6 12. Rb1 Qb6 13. Qd2 Ne7 14. Bh6 $11 Nb3 15. Qg5 f6 16. Qe3 O-O 17. Bxg7 Kxg7 18. Bh3 Nc6 19. f4 Rbe8 20. g4 f5 21. gxf5 exf5 22. Nd5 Qd8 23. Nec3 Ncd4 24. Rf2 Bc6 25. Re1 Kh8 26. Bg2 b5 27. axb5 axb5 28. cxb5 Nxb5 29. Nxb5 Bxd5 30. e5 Bxg2 31. Rxg2 dxe5 32. fxe5 Nd4 33. Nxd4 cxd4 34. Qh6 Re6 35. h4 Rfe8 36. h5 Qh4 37. Kf1 Rc8 38. Qg5 Qxg5 39. Rxg5 Kg7 40. Rg2 Rc5 41. hxg6 hxg6 42. Rge2 Rb5 43. Kf2 Rb3 44. Rd2 g5 45. Kg3 Kf7 46. Kf3 Reb6 47. Rg1 Rg6 48. Ra1 Re6 49. Ra4 Rxe5 50. Rxd4 Reb5 51. Rc2 Rb6 52. Rd5 Kg6 53. Rcc5 Rf6 54. Rc2 Rb4 55. Rd8 g4+ 56. Kg3 Kg5 57. Rg8+ Rg6 58. Rxg6+ Kxg6 59. Kh4 Rf4 60. Rc6+ Kf7 61. Kg3 Rf3+ 62. Kg2 Rxd3 63. b4 Rb3 64. Rc5 Kf6 65. b5 Kg5 66. Kf2 Kf4 67. Rc4+ Ke5 68. Rc5+ Ke4 69. Rc4+ Kd5 70. Rc8 Rxb5 71. Re8 Rb3 72. Kg2 f4 73. Rd8+ Ke4 74. Re8+ Kd3 75. Kf2 Rb2+ 76. Kf1 g3 77. Ra8 f3 78. Rd8+ Ke4 79. Re8+ Kd5 80. Rd8+ Ke6 81. Rd1 Rh2 82. Kg1 f2+ 0-1